[Event "Titled Tuesday Blitz August 1 Early 2023"]
[White "Llanos, Guillermo"]
[Black "Souleidis, Georgios"]
[WhiteFideId "100358"]
[BlackFideId "4206827"]
[WhiteElo "2382"]
[BlackElo "2520"]
[Result "0-1"]
[Round "5"]
[TimeControl "180+1"]
[Date "2023.08.01"]
[WhiteClock "0:00:56"]
[BlackClock "0:00:46"]
[Board "145"]

1. b3 d5 2. Bb2 Bf5 3. g3 e6 4. Bg2 Nf6 5. Nf3 h6 6. O-O Be7 7. d3 O-O 8. Nbd2 Bh7 9. Re1 c5 10. e4 Nc6 11. e5 Nd7 12. h4 b5 13. a4 a6 14. Qe2 Nb4 15. Nf1 bxa4 16. Rxa4 Nb6 17. Raa1 a5 18. N1h2 a4 19. bxa4 Nxa4 20. Rab1 Nxb2 21. Rxb2 Ra3 22. Rd1 Qa5 23. Qd2 d4 24. Ng4 Nd5 25. Nxh6+ gxh6 26. Qxh6 Ra1 27. Rbb1 Rxb1 28. Rxb1 Qa2 29. Rb7 Qxc2 30. Rxe7 Nxe7 31. Ng5 Qxd3 32. Qxe6 fxe6 0-1


[Site "https://www.chess.com"]

[Event "Titled Tuesday Blitz August 1 Early 2023"]
[White "Topalov, Aleksandar"]
[Black "Rodchenkov, Sergey D."]
[WhiteFideId "925659"]
[BlackFideId "4168712"]
[WhiteElo "2360"]
[BlackElo "2519"]
[Result "1-0"]
[Round "5"]
[TimeControl "180+1"]
[Date "2023.08.01"]
[WhiteClock "0:00:10"]
[BlackClock "0:00:00"]
[Board "146"]

1. b3 d5 2. Bb2 Nf6 3. Nf3 c6 4. g3 Bg4 5. Bg2 e6 6. O-O Be7 7. d3 Nbd7 8. Nbd2 O-O 9. c4 a5 10. a3 Bh5 11. Ra2 Bg6 12. Qa1 Qb6 13. Ne5 Nxe5 14. Bxe5 Rfe8 15. Rc1 Red8 16. Rac2 Ng4 17. Bd4 Bc5 18. Bxc5 Qxc5 19. Rf1 Qe7 20. h3 Nf6 21. Qb2 Nd7 22. b4 axb4 23. axb4 Ra4 24. Rb1 Rda8 25. b5 c5 26. Nf3 Qf6 27. Qxf6 gxf6 28. cxd5 exd5 29. Nh4 Rd4 30. Nf3 Rda4 31. Nh4 Ra2 32. Rxa2 Rxa2 33. Bxd5 Rxe2 34. Nxg6 hxg6 35. Bxb7 Rd2 36. Bc6 Nb6 37. Rc1 Rxd3 38. Rxc5 Kf8 39. Be4 Rd4 40. Bf3 Rd3 41. Be2 Rd2 42. Kf1 Rb2 43. Rc6 Nd5 44. Rc5 Nb6 45. h4 Ke7 46. Rc7+ Kf8 47. Rb7 Nd5 48. Bc4 Nc3 49. Rxf7+ Ke8 50. Rxf6 Rb4 51. Rc6 Kd7 52. g4 Ne4 53. Bd3 Nd6 54. h5 gxh5 55. gxh5 Rd4 56. Be2 Rh4 57. Rc5 Ne4 58. Rd5+ Kc7 59. Re5 Kb6 60. Kg2 Rf4 61. Re6+ Kc7 62. h6 Rxf2+ 63. Kg1 Rf4 64. h7 Rh4 65. Rxe4 Rxh7 66. Kf2 Kb6 67. Ke3 Rf7 68. Re6+ Ka7 69. Kd4 Rd7+ 70. Kc5 Rd2 71. Bc4 Rh2 72. Re7+ Kb8 73. Bd5 Rc2+ 74. Kb6 Rc8 75. Bc6 Rd8 76. Rb7+ Kc8 77. Ra7 1-0


[Site "https://www.chess.com"]

[Event "Titled Tuesday Blitz August 1 Early 2023"]
[White "Nithyalakshmi, Sivanesan"]
[Black "SmirnovAlexandrA"]
[WhiteFideId "5706955"]
[WhiteElo "2357"]
[BlackElo "2518"]
[Result "0-1"]
[Round "5"]
[TimeControl "180+1"]
[Date "2023.08.01"]
[WhiteClock "0:00:16"]
[BlackClock "0:01:37"]
[Board "147"]

1. e4 c5 2. Nc3 g6 3. f4 Bg7 4. Nf3 Nc6 5. Bc4 d6 6. d3 Nf6 7. O-O O-O 8. Qe1 a6 9. Qh4 b5 10. Bb3 e6 11. f5 exf5 12. Bh6 Be6 13. Ng5 Nd4 14. Nd5 Nxd5 15. Bxg7 Kxg7 16. Qxh7+ Kf6 17. Qh4 Rh8 18. Qg3 Ne2+ 19. Kf2 Nxg3 0-1


[Site "https://www.chess.com"]

[Event "Titled Tuesday Blitz August 1 Early 2023"]
[White "Prydun, Andriy"]
[Black "Martinez Reyes, Pedro Ramon"]
[WhiteFideId "14145898"]
[BlackFideId "3901807"]
[WhiteElo "2354"]
[BlackElo "2517"]
[Result "0-1"]
[Round "5"]
[TimeControl "180+1"]
[Date "2023.08.01"]
[WhiteClock "0:00:02"]
[BlackClock "0:00:25"]
[Board "148"]

1. e4 c5 2. Nf3 Nc6 3. Bb5 e6 4. O-O Nge7 5. c3 a6 6. Bd3 d5 7. Bc2 d4 8. d3 e5 9. a3 Ng6 10. b4 dxc3 11. Nxc3 Bg4 12. h3 Bxf3 13. Qxf3 Nd4 14. Qd1 cxb4 15. Nd5 Rc8 16. Bb3 bxa3 17. Ba2 Bc5 18. Qh5 O-O 19. Bg5 Qd6 20. Kh1 Ne6 21. f4 Nexf4 22. Nxf4 exf4 23. e5 Qxe5 24. Rae1 Be3 25. g3 Rc2 26. gxf4 Qb2 27. Bd5 Rh2# 0-1


[Site "https://www.chess.com"]

[Event "Titled Tuesday Blitz August 1 Early 2023"]
[White "Berezin, Viktor"]
[Black "Georg, Heinz"]
[WhiteFideId "14107872"]
[BlackFideId "4607295"]
[WhiteElo "2515"]
[BlackElo "2320"]
[Result "1-0"]
[Round "5"]
[TimeControl "180+1"]
[Date "2023.08.01"]
[WhiteClock "0:01:36"]
[BlackClock "0:00:07"]
[Board "149"]

1. d4 f5 2. g3 Nf6 3. Bg2 g6 4. Nh3 Bg7 5. Nf4 O-O 6. h4 d6 7. h5 Qe8 8. c3 e6 9. Qb3 Nc6 10. Nd2 d5 11. Nf3 Ne4 12. hxg6 hxg6 13. Nd3 b6 14. Bh6 Rf7 15. Nf4 Re7 16. Qa4 Bd7 17. Qc2 Qf7 18. Ng5 Nxg5 19. Bxg5 Ree8 20. O-O-O Na5 21. Nd3 c6 22. Ne5 Bxe5 23. dxe5 1-0


[Site "https://www.chess.com"]

[Event "Titled Tuesday Blitz August 1 Early 2023"]
[White "Antonio, Jorge Carlos"]
[Black "Shubenkova, Veronika"]
[WhiteFideId "113190"]
[BlackFideId "44124040"]
[WhiteElo "2321"]
[BlackElo "2513"]
[Result "1/2-1/2"]
[Round "5"]
[TimeControl "180+1"]
[Date "2023.08.01"]
[WhiteClock "0:00:11"]
[BlackClock "0:01:39"]
[Board "150"]

1. d4 e6 2. Nf3 d5 3. Bf4 Bd6 4. Bg3 f5 5. Bxd6 Qxd6 6. Ne5 Nf6 7. e3 Nbd7 8. f4 Qb4+ 9. Nd2 Qxb2 10. Bd3 O-O 11. h3 Qc3 12. O-O Nxe5 13. dxe5 Ne4 14. Nf3 c5 15. Qc1 c4 16. Bxe4 fxe4 17. Nd4 Bd7 18. a4 Qa5 19. Qa3 Qd8 20. Qd6 Qe8 21. f5 exf5 22. Qxd5+ Kh8 23. e6 Bxa4 24. Rxf5 Rxf5 25. Qxf5 Rd8 26. Rf1 Bc6 27. Qc5 1/2-1/2


[Site "https://www.chess.com"]

[Event "Titled Tuesday Blitz August 1 Early 2023"]
[White "Atanasov, Radislav"]
[Black "Estrada Nieto, Julian"]
[WhiteFideId "2901471"]
[BlackFideId "5101018"]
[WhiteElo "2256"]
[BlackElo "2512"]
[Result "1/2-1/2"]
[Round "5"]
[TimeControl "180+1"]
[Date "2023.08.01"]
[WhiteClock "0:00:05"]
[BlackClock "0:00:05"]
[Board "151"]

1. e4 e5 2. Nf3 Nc6 3. Bb5 a6 4. Ba4 Nf6 5. O-O Be7 6. Re1 b5 7. Bb3 d6 8. c3 O-O 9. h3 Bb7 10. d4 Re8 11. Nbd2 Bf8 12. Bc2 h6 13. a4 exd4 14. cxd4 Nb4 15. Bb1 c5 16. d5 Nd7 17. Nf1 c4 18. Bd2 Nd3 19. Bxd3 cxd3 20. Ra3 Nc5 21. Ng3 bxa4 22. Bb4 Rc8 23. Bxc5 Rxc5 24. Qxd3 Qa5 25. b4 Qxb4 26. Rb1 Qc4 27. Rxb7 Qxd3 28. Rxd3 Rb5 29. Ra7 a5 30. Ra3 g6 31. Rxa4 Bg7 32. R4xa5 Rb1+ 33. Kh2 h5 34. h4 Rb2 35. R5a6 Rxf2 36. Rxd6 Rb8 37. Rdd7 Rbb2 38. Rxf7 Rxg2+ 39. Kh3 Bf8 40. Rfb7 Rxb7 41. Rxb7 Rf2 42. Ng5 Bd6 43. Ne6 Rf3 44. Kg2 Rxg3+ 45. Kf2 Rg4 46. Kf3 Rxh4 47. Rg7+ Kh8 48. Rxg6 Rh3+ 49. Kf2 Rh2+ 50. Ke3 Rh3+ 51. Ke2 Rh2+ 52. Kd3 Rh3+ 53. Kc4 Re3 54. Ng5 Be7 55. Nf7+ Kh7 56. Re6 Bf8 57. e5 h4 58. d6 h3 59. Ng5+ Kg7 60. Nxh3 Rxh3 61. d7 Rh4+ 62. Kd5 Rh1 63. Kc6 Rd1 64. Rd6 Bxd6 65. exd6 Rc1+ 66. Kb7 Rb1+ 67. Kc8 Rc1+ 68. Kb8 Rb1+ 69. Ka7 Ra1+ 70. Kb6 Rb1+ 71. Kc5 Rc1+ 72. Kd5 Rd1+ 73. Kc6 Rc1+ 74. Kb7 Rb1+ 75. Kc8 Rc1+ 76. Kd8 Kf7 1/2-1/2


[Site "https://www.chess.com"]

[Event "Titled Tuesday Blitz August 1 Early 2023"]
[White "Erzhanov, Arman"]
[Black "Quirke, Jeffrey"]
[WhiteFideId "4138821"]
[BlackFideId "2013029"]
[WhiteElo "2506"]
[BlackElo "2254"]
[Result "1-0"]
[Round "5"]
[TimeControl "180+1"]
[Date "2023.08.01"]
[WhiteClock "0:00:14"]
[BlackClock "0:00:00"]
[Board "152"]

1. e4 e6 2. b3 c5 3. Nf3 Nc6 4. Bb5 Nge7 5. Bb2 a6 6. Bxc6 Nxc6 7. O-O Rg8 8. d4 cxd4 9. Nxd4 d6 10. c4 Be7 11. Qh5 h6 12. Nf3 Bf6 13. Nc3 Qe7 14. Rad1 Bd7 15. Rd2 O-O-O 16. Rfd1 Be8 17. Na4 Bxb2 18. Rxb2 f5 19. Qh3 fxe4 20. Nd4 Nxd4 21. Rxd4 Bxa4 22. bxa4 Kb8 23. Rxe4 Rge8 24. Rbe2 e5 25. Qb3 Qc7 26. h3 Rf8 27. Rd2 Rf4 28. Rxf4 exf4 29. Rd4 g5 30. Rd5 Re8 31. Kh2 Re5 32. Rd2 Rc5 33. Rd4 Ka7 34. Qd3 Qa5 35. Rxd6 Qxa4 36. Rxh6 Qxc4 37. Qd8 Qd5 38. Qf6 Rc2 39. Qb6+ Kb8 40. Rh8+ Rc8 41. Rh7 Qc6 42. Qd4 f3 43. Qe5+ Ka8 44. Qg3 fxg2 45. Qxg2 Qxg2+ 46. Kxg2 Rc2 47. Rg7 Rxa2 48. Rxg5 a5 49. h4 a4 50. h5 a3 51. h6 1-0


[Site "https://www.chess.com"]

[Event "Titled Tuesday Blitz August 1 Early 2023"]
[White "Liu, Casper"]
[Black "De Souza, Cristiano Gomes"]
[WhiteFideId "1454153"]
[BlackFideId "2151758"]
[WhiteElo "2502"]
[BlackElo "2218"]
[Result "1-0"]
[Round "5"]
[TimeControl "180+1"]
[Date "2023.08.01"]
[WhiteClock "0:02:42"]
[BlackClock "0:01:41"]
[Board "153"]

1. e4 c5 2. d4 cxd4 3. Qxd4 Nc6 4. Qe3 g6 5. Nc3 Bg7 6. Bd2 a6 7. O-O-O e6 8. h4 Nge7 9. h5 d5 10. exd5 Nxd5 11. Nxd5 Qxd5 12. Bc3 Qxa2 13. Bxg7 Rg8 14. Bf6 1-0


[Site "https://www.chess.com"]

[Event "Titled Tuesday Blitz August 1 Early 2023"]
[White "Hoang, Thi Bao Tram"]
[Black "Luxama, Jacques Muller"]
[WhiteFideId "12401102"]
[BlackFideId "11900113"]
[WhiteElo "2502"]
[BlackElo "2205"]
[Result "1-0"]
[Round "5"]
[TimeControl "180+1"]
[Date "2023.08.01"]
[WhiteClock "0:00:10"]
[BlackClock "0:00:05"]
[Board "154"]

1. e4 e6 2. d3 d5 3. Be2 dxe4 4. dxe4 Qxd1+ 5. Bxd1 e5 6. Be3 Nc6 7. c3 Be6 8. a4 a6 9. Na3 Nf6 10. Bc2 Nd7 11. b4 a5 12. b5 Na7 13. Nf3 f6 14. Nd2 Nc8 15. O-O Bc5 16. Rfe1 b6 17. Bb3 Ke7 18. Bxe6 Kxe6 19. Nb3 Bxa3 20. Rxa3 Nd6 21. Nd2 Rhc8 22. g3 c6 23. c4 cxb5 24. cxb5 Rc2 25. Rd3 Rac8 26. Nb1 Nc5 27. Bxc5 R8xc5 28. f3 Rc1 29. Red1 Rxd1+ 30. Rxd1 Rc4 31. Kf2 Rxa4 32. Nc3 Rc4 33. Nd5 Nxb5 34. Rb1 Rc2+ 35. Ke3 Nd4 36. Rxb6+ Kd7 37. Rb7+ Kd6 38. Rxg7 a4 39. Ra7 Rxh2 40. Rxa4 Rg2 41. Nxf6 Rxg3 42. Ra6+ Kc5 43. Nd7+ Kb5 44. Rf6 Nc6 45. Rf5 Nd4 46. Rxe5+ Kc4 47. Nb6+ Kc3 48. Rc5+ Kb4 49. Kxd4 Rxf3 50. Nd5+ Kb3 51. Rc7 h5 52. Rh7 Rh3 53. Nf4 Rc3 54. Rxh5 Rc4+ 55. Ke5 Kc3 56. Nd5+ Kb3 57. Rh3+ Kb2 58. Rc3 Ra4 59. Rc5 Ra8 60. Kf5 Re8 61. Nf6 Rf8 62. e5 Kb3 63. e6 Kb4 64. Rc1 Rh8 65. e7 Ra8 66. e8=Q Rxe8 67. Nxe8 Kb5 68. Ke6 Kb6 69. Nd6 Ka5 70. Kd5 Kb4 71. Ne4 Kb3 72. Rc5 Kb2 73. Kd4 Kb3 74. Rb5+ Ka4 75. Kc4 Ka3 76. Kc3 Ka4 77. Rc5 Ka3 78. Ra5# 1-0


[Site "https://www.chess.com"]

[Event "Titled Tuesday Blitz August 1 Early 2023"]
[White "Gyulamiryan-koryun"]
[Black "Papayan, Oleg"]
[BlackFideId "4193911"]
[WhiteElo "2081"]
[BlackElo "2499"]
[Result "0-1"]
[Round "5"]
[TimeControl "180+1"]
[Date "2023.08.01"]
[WhiteClock "0:00:00"]
[BlackClock "0:00:08"]
[Board "155"]

1. d4 Nf6 2. Nf3 d5 3. c4 e6 4. g3 dxc4 5. Bg2 c5 6. O-O Nc6 7. dxc5 Qxd1 8. Rxd1 Bxc5 9. Nbd2 c3 10. bxc3 O-O 11. Nb3 Be7 12. Bf4 Nd5 13. Bd2 Nb6 14. a4 a5 15. Nbd4 Bd7 16. Nb5 Rac8 17. Bf4 Nd5 18. c4 Nxf4 19. gxf4 Rfd8 20. e3 Be8 21. Ne5 Rxd1+ 22. Rxd1 Nxe5 23. fxe5 Rxc4 24. Bxb7 Rxa4 25. Nd6 Rg4+ 26. Kh1 Ba4 27. Ra1 h5 28. Bf3 Rb4 29. Bxh5 Bc6+ 30. Kg1 g6 31. Be2 a4 32. Rc1 a3 33. Ra1 Ra4 34. Bd1 Ra5 35. Bb3 Rxe5 36. Nc4 Rg5+ 37. Kf1 Bb5 38. f4 Rc5 39. Rc1 Bf6 40. Kf2 Bb2 41. Rc2 Ba4 42. Bxa4 a2 0-1


[Site "https://www.chess.com"]

[Event "Titled Tuesday Blitz August 1 Early 2023"]
[White "Feliz Dotel, Dewar Bienvenido"]
[Black "Ovchinnikov, Vsevolod"]
[WhiteFideId "6402801"]
[BlackFideId "24176842"]
[WhiteElo "2138"]
[BlackElo "2598"]
[Result "0-1"]
[Round "5"]
[TimeControl "180+1"]
[Date "2023.08.01"]
[WhiteClock "0:00:00"]
[BlackClock "0:00:04"]
[Board "156"]

1. d4 Nf6 2. e3 d5 3. Nf3 g6 4. Be2 Bg7 5. O-O O-O 6. c4 c5 7. cxd5 Nxd5 8. dxc5 Nc6 9. a3 a5 10. e4 Nc7 11. Qc2 Bg4 12. Rd1 Qc8 13. Be3 Ne6 14. h3 Bxf3 15. Bxf3 Ncd4 16. Bxd4 Nxd4 17. Qd3 Rd8 18. Nc3 Qxc5 19. Qe3 e6 20. Rac1 Qb6 21. Na4 Qb5 22. Nc5 Rac8 23. a4 Qb6 24. Nd3 Rxc1 25. Rxc1 Qb3 26. Bd1 Qb6 27. e5 h5 28. Rb1 Qc7 29. b4 axb4 30. Rxb4 Nc6 31. Rc4 Qa5 32. Rc5 Qa7 33. Be2 Bf8 34. Rc4 Qxe3 35. fxe3 Bg7 36. Rc5 Ra8 37. Bd1 Ra7 38. Rb5 Kf8 39. Bf3 Nd8 40. Nc5 Ke7 41. Nxb7 Rxa4 42. Nxd8 Kxd8 43. Rb8+ Ke7 0-1


[Site "https://www.chess.com"]

[Event "Titled Tuesday Blitz August 1 Early 2023"]
[White "AliNiknaddaf"]
[Black "Rodriguez Fontecha, Marcos"]
[BlackFideId "2256576"]
[WhiteElo "2551"]
[BlackElo "2400"]
[Result "1-0"]
[Round "5"]
[TimeControl "180+1"]
[Date "2023.08.01"]
[WhiteClock "0:00:30"]
[BlackClock "0:00:00"]
[Board "157"]

1. e4 e6 2. d4 d5 3. Nd2 Nf6 4. Bd3 c5 5. exd5 exd5 6. Ngf3 Bd6 7. dxc5 Bxc5 8. O-O O-O 9. Nb3 Bb6 10. h3 Qd6 11. c4 Nc6 12. Bg5 h6 13. Bxf6 Qxf6 14. cxd5 Nb4 15. Bc4 Qg6 16. Kh1 Rd8 17. Ne5 Qf5 18. f4 Be6 19. dxe6 Rxd1 20. exf7+ Kh8 21. Raxd1 Nc6 22. Bd3 Qf6 23. Ng6+ Kh7 24. f8=Q Rxf8 25. Nxf8+ Kh8 26. Nd7 Qxb2 27. Nxb6 axb6 28. Rd2 Qc3 29. Be4 g6 30. Bxc6 bxc6 31. Re1 h5 32. Re7 1-0


[Site "https://www.chess.com"]

[Event "Titled Tuesday Blitz August 1 Early 2023"]
[White "ATM622"]
[Black "Castella Garcia, Fausto"]
[BlackFideId "3501922"]
[WhiteElo "2528"]
[BlackElo "2395"]
[Result "0-1"]
[Round "5"]
[TimeControl "180+1"]
[Date "2023.08.01"]
[WhiteClock "0:00:00"]
[BlackClock "0:00:02"]
[Board "158"]

1. d4 Nf6 2. c4 e5 3. dxe5 Ng4 4. Nf3 Bc5 5. e3 Nc6 6. Nc3 O-O 7. Ne4 Bb4+ 8. Bd2 Qe7 9. Be2 Ngxe5 10. Nxe5 Bxd2+ 11. Qxd2 Qxe5 12. Ng3 d6 13. O-O Re8 14. b4 Be6 15. Rac1 a5 16. b5 Ne7 17. Bf3 c6 18. a4 Red8 19. Qd4 Qxd4 20. exd4 d5 21. c5 cxb5 22. axb5 Bd7 23. Rfe1 Kf8 24. b6 a4 25. Ra1 Be6 26. Bd1 a3 27. Re3 Nc6 28. Ne2 a2 29. Bb3 Na5 30. Bxa2 Nc4 31. Rc3 Ra4 32. Rcc1 Rda8 33. Nc3 Ra3 34. f4 Nd2 35. Rc2 Nb3 36. Rd1 Bf5 37. Rb2 Nxd4 38. Rxd4 Rxc3 39. Bxd5 Ra1+ 40. Kf2 Bc8 41. c6 bxc6 42. Bf3 Ba6 43. Rd6 Rac1 44. Rd7 R1c2+ 45. Rxc2 Rxc2+ 46. Kg3 Rb2 47. Rd8+ Ke7 48. Ra8 Rxb6 49. Ra7+ Kf6 50. Bg4 Bb7 51. Bd7 c5 52. Ra5 Rd6 53. Be8 Rd3+ 0-1


[Site "https://www.chess.com"]

[Event "Titled Tuesday Blitz August 1 Early 2023"]
[White "kripri"]
[Black "Velasco, Santiago"]
[BlackFideId "4401328"]
[WhiteElo "2374"]
[BlackElo "2524"]
[Result "0-1"]
[Round "5"]
[TimeControl "180+1"]
[Date "2023.08.01"]
[WhiteClock "0:00:17"]
[BlackClock "0:01:30"]
[Board "159"]

1. e4 e5 2. Nf3 Nc6 3. Bc4 Bc5 4. O-O Nf6 5. d3 d6 6. c3 a6 7. a4 Ba7 8. Be3 Bxe3 9. fxe3 O-O 10. Qe1 d5 11. exd5 Nxd5 12. e4 Nf4 13. Qe3 Bg4 14. g3 Nh3+ 15. Kg2 h6 16. Nbd2 Qd7 17. Bd5 Rae8 18. Nc4 Bxf3+ 19. Qxf3 Nd8 20. Qf5 Qxf5 21. Rxf5 Ng5 22. h4 c6 23. hxg5 cxd5 24. exd5 hxg5 25. Rxe5 f6 26. Re4 f5 27. Re5 f4 28. Rae1 Rxe5 29. Rxe5 f3+ 30. Kf2 g4 31. Rg5 Re8 32. Rxg4 b5 33. axb5 axb5 34. Ne3 Nf7 35. Re4 Ra8 36. Re7 Ra2 37. Kxf3 Rxb2 38. Re8+ Kh7 39. Re6 Rd2 40. d4 b4 41. cxb4 Rxd4 42. Re4 Ng5+ 43. Ke2 Nxe4 44. b5 Rb4 45. Kd3 Nd6 46. g4 Rxb5 47. Kd4 Rb4+ 48. Kc5 Rb3 49. Kxd6 Rxe3 50. Kc7 Kg6 51. d6 Kg5 52. d7 Rc3+ 53. Kb8 Rd3 54. Kc7 Kxg4 55. d8=Q Rxd8 56. Kxd8 g5 57. Kd7 Kf3 58. Ke6 g4 59. Kf5 g3 60. Ke5 g2 61. Kd4 g1=Q+ 62. Ke5 Qe3+ 63. Kd5 Qc3 64. Kd6 Ke4 65. Ke6 Kf4 66. Ke7 Kf5 67. Kd6 Qc4 68. Kd7 Qa6 69. Ke8 Ke5 70. Ke7 Kd5 71. Kf7 Ke5 72. Kg7 Qf6+ 73. Kh7 Qg5 74. Kh8 Ke6 75. Kh7 Kf7 0-1


[Site "https://www.chess.com"]

[Event "Titled Tuesday Blitz August 1 Early 2023"]
[White "Adury, Anant"]
[Black "Vyatkin, Dmitry"]
[WhiteFideId "30964687"]
[BlackFideId "4171900"]
[WhiteElo "2362"]
[BlackElo "2513"]
[Result "0-1"]
[Round "5"]
[TimeControl "180+1"]
[Date "2023.08.01"]
[WhiteClock "0:01:47"]
[BlackClock "0:01:06"]
[Board "160"]

1. Nf3 Nf6 2. g3 g6 3. Bg2 Bg7 4. O-O O-O 5. b3 b5 6. Bb2 Bb7 7. a4 b4 8. d3 d6 9. Nbd2 c5 10. e4 Nbd7 11. Re1 Qc7 12. e5 dxe5 13. Nxe5 Bxg2 14. Kxg2 Qb7+ 15. Qf3 Qxf3+ 16. Nexf3 e6 17. Nc4 Nb6 18. Rad1 Rfd8 19. Nxb6 axb6 20. Nd2 Nd5 21. Bxg7 Kxg7 22. Nc4 Rdb8 23. Ne3 Nc3 24. Ra1 Ra6 25. Nd1 Nd5 26. Ne3 Nc3 27. Nd1 Nd5 28. Ne3 Nc7 29. f4 Rba8 30. Rad1 b5 31. axb5 Nxb5 32. Rd2 Ra2 33. Nc4 Nd4 34. Ne3 Nxb3 35. Rf2 Nd4 0-1


[Site "https://www.chess.com"]

[Event "Titled Tuesday Blitz August 1 Early 2023"]
[White "Eynullayev, Atilla"]
[Black "Slavin, Alexey"]
[WhiteFideId "13413570"]
[BlackFideId "24104388"]
[WhiteElo "2510"]
[BlackElo "2359"]
[Result "0-1"]
[Round "5"]
[TimeControl "180+1"]
[Date "2023.08.01"]
[WhiteClock "0:00:06"]
[BlackClock "0:00:16"]
[Board "161"]

1. d4 Nc6 2. Nf3 d6 3. e4 Bg4 4. Be2 e5 5. c3 Nf6 6. Nbd2 Be7 7. d5 Nb8 8. Qb3 Qc8 9. h3 Bh5 10. a4 a6 11. a5 O-O 12. O-O Nbd7 13. Qc2 h6 14. c4 Bg6 15. b4 c6 16. Bd3 cxd5 17. exd5 Bxd3 18. Qxd3 Re8 19. Re1 Nf8 20. Bb2 Ng6 21. Rac1 Bf8 22. Ne4 Nxe4 23. Qxe4 f5 24. Qc2 Qd7 25. c5 dxc5 26. bxc5 Qxd5 27. Qxf5 Nf4 28. Rcd1 Qxc5 29. Bxe5 Nd5 30. Bxg7 Rxe1+ 31. Nxe1 Bxg7 32. Qxd5+ Qxd5 33. Rxd5 Rc8 34. Nd3 Rc6 35. f4 b6 36. axb6 Rxb6 37. g4 Rb5 38. Rd8+ Kh7 39. Kf2 a5 40. Ra8 Bc3 41. Ra7+ Kg6 42. h4 Kf6 43. h5 Bd4+ 44. Kf3 Bxa7 0-1


[Site "https://www.chess.com"]

[Event "Titled Tuesday Blitz August 1 Early 2023"]
[White "Santos Flores, Alberto"]
[Black "Romero Arzuaga, Yudel"]
[WhiteFideId "3601234"]
[BlackFideId "3521010"]
[WhiteElo "2506"]
[BlackElo "2354"]
[Result "1-0"]
[Round "5"]
[TimeControl "180+1"]
[Date "2023.08.01"]
[WhiteClock "0:02:13"]
[BlackClock "0:01:13"]
[Board "162"]

1. e4 d5 2. exd5 Qxd5 3. Nf3 Bg4 4. Be2 c6 5. d4 e6 6. O-O Qd8 7. c4 Nf6 8. Nc3 Be7 9. h3 Bh5 10. g4 Bg6 11. Ne5 Nbd7 12. f4 Nxe5 13. dxe5 Qxd1 14. Nxd1 Bc5+ 15. Be3 Nd7 16. f5 Bxe3+ 17. Nxe3 Nxe5 18. fxg6 hxg6 19. Kg2 f5 20. Rad1 Ke7 21. Nc2 Raf8 22. b3 f4 23. Nd4 g5 24. Nf3 Nxf3 25. Bxf3 Rd8 26. Rxd8 Rxd8 27. Rd1 Rd4 28. Rxd4 1-0


[Site "https://www.chess.com"]

[Event "Titled Tuesday Blitz August 1 Early 2023"]
[White "Jegorovas, Aleksandras"]
[Black "NicolaiMaxime"]
[WhiteFideId "12801950"]
[WhiteElo "2351"]
[BlackElo "2495"]
[Result "1-0"]
[Round "5"]
[TimeControl "180+1"]
[Date "2023.08.01"]
[WhiteClock "0:02:00"]
[BlackClock "0:00:24"]
[Board "163"]

1. d4 Nf6 2. Bf4 Nc6 3. d5 e5 4. Bg5 Ne7 5. Bxf6 gxf6 6. c4 d6 7. Nc3 f5 8. g3 Bh6 9. Bg2 Ng6 10. e3 Bd7 11. Nge2 Qf6 12. f4 e4 13. Nd4 c5 14. dxc6 bxc6 15. O-O Bg7 16. b4 c5 17. Nd5 Qd8 18. Nb5 Bxb5 19. cxb5 O-O 20. bxc5 dxc5 21. Rc1 Rc8 22. Qb3 Ne7 23. Rfd1 Nxd5 24. Rxd5 Qb6 25. Qc4 Qe6 26. Bh3 Rfd8 27. Rcd1 Rxd5 28. Rxd5 Qf6 29. Bxf5 Qa1+ 30. Kg2 Qb2+ 31. Kh3 Qb4 32. Qxb4 cxb4 33. Bxc8 a5 34. b6 a4 35. b7 b3 36. b8=Q bxa2 37. Rd8+ Bf8 38. Rxf8+ Kxf8 39. Be6+ Kg7 40. Bxa2 a3 41. Qe5+ f6 42. Qe7+ Kh6 43. Qxf6+ Kh5 44. g4# 1-0


[Site "https://www.chess.com"]

[Event "Titled Tuesday Blitz August 1 Early 2023"]
[White "Tikhonov, Viacheslav"]
[Black "Goswami, Vedant"]
[WhiteFideId "44196407"]
[BlackFideId "5003725"]
[WhiteElo "2494"]
[BlackElo "2350"]
[Result "1-0"]
[Round "5"]
[TimeControl "180+1"]
[Date "2023.08.01"]
[WhiteClock "0:00:07"]
[BlackClock "0:00:00"]
[Board "164"]

1. d4 Nf6 2. Bf4 Nh5 3. Be5 d6 4. Bg3 Nxg3 5. hxg3 c5 6. dxc5 Qa5+ 7. Nd2 Qxc5 8. Ngf3 Nc6 9. e4 g6 10. c3 Bg7 11. Bd3 b5 12. Qe2 b4 13. O-O bxc3 14. bxc3 O-O 15. Nb3 Qh5 16. Nbd4 Bd7 17. Rab1 Rab8 18. Rb3 Rxb3 19. axb3 Qc5 20. Nb5 a6 21. b4 Qb6 22. Nbd4 Nxd4 23. Nxd4 Bxd4 24. cxd4 Qxd4 25. Bxa6 Qxb4 26. Rd1 Be6 27. e5 d5 28. Qe3 Ra8 29. Bf1 Kg7 30. Rd4 Qb2 31. Rh4 h5 32. Qg5 Rh8 33. Bd3 Qa1+ 34. Kh2 Qc3 35. Bb1 Qc5 36. f4 Qb4 37. f5 Qxb1 38. fxe6 fxe6 39. Qxe7+ Kh6 40. Qxe6 Qf5 41. Qxd5 Re8 42. Qd2+ Kg7 43. Rf4 Qxe5 44. Qd7+ Re7 45. Qd8 Re8 46. Qd7+ Re7 47. Qd2 g5 48. Rf3 h4 49. Qf2 hxg3+ 50. Rxg3 Rf7 51. Qd2 Rf4 52. Qd7+ Rf7 53. Qg4 1-0


[Site "https://www.chess.com"]

[Event "Titled Tuesday Blitz August 1 Early 2023"]
[White "Gueci, Tea"]
[Black "Kiremitciyan, Ari"]
[WhiteFideId "872342"]
[BlackFideId "6373445"]
[WhiteElo "2334"]
[BlackElo "2490"]
[Result "1/2-1/2"]
[Round "5"]
[TimeControl "180+1"]
[Date "2023.08.01"]
[WhiteClock "0:00:15"]
[BlackClock "0:00:03"]
[Board "165"]

1. e4 c6 2. d4 d5 3. e5 Bf5 4. h4 h5 5. c4 e6 6. Nc3 Ne7 7. Bg5 Qb6 8. Qd2 Nd7 9. Nf3 Bg4 10. cxd5 Nxd5 11. Be2 f6 12. exf6 gxf6 13. Bf4 Nxf4 14. Qxf4 Qxb2 15. Rc1 Bh6 16. Ng5 fxg5 17. hxg5 Bxe2 18. Nxe2 Rf8 19. Qe3 Bg7 20. Qxe6+ Kd8 21. O-O Re8 22. Qg6 Qxe2 23. Qxg7 Qe7 24. Qg6 Kc7 25. d5 Qd6 26. Qd3 Ne5 27. Qb3 Rad8 28. dxc6 Nxc6 29. Rfd1 Qe5 30. Qf7+ Re7 31. Qg6 Rxd1+ 32. Rxd1 Rg7 33. Qc2 Qxg5 34. g3 h4 35. Rd3 hxg3 36. Rxg3 Qf6 37. Qe4 Rxg3+ 38. fxg3 Qd4+ 39. Qxd4 Nxd4 40. Kf2 Ne6 41. Kf3 Ng7 42. Ke4 b5 43. Ke5 Kd7 44. g4 Ke7 45. Kd5 a6 46. Kc5 Ne6+ 47. Kb6 Nd4 48. Kxa6 Kf6 49. Ka5 Kg5 50. a4 bxa4 51. Kxa4 Kxg4 1/2-1/2


[Site "https://www.chess.com"]

[Event "Titled Tuesday Blitz August 1 Early 2023"]
[White "Pavlidou, Ekaterini"]
[Black "Brunner, Nicolas"]
[WhiteFideId "4213262"]
[BlackFideId "620246"]
[WhiteElo "2331"]
[BlackElo "2483"]
[Result "0-1"]
[Round "5"]
[TimeControl "180+1"]
[Date "2023.08.01"]
[WhiteClock "0:00:10"]
[BlackClock "0:01:31"]
[Board "166"]

1. d4 Nf6 2. c4 e6 3. Nc3 d5 4. cxd5 exd5 5. Bg5 Bb4 6. e3 h6 7. Bh4 g5 8. Bg3 Ne4 9. Bd3 Nxc3 10. bxc3 Bxc3+ 11. Ke2 Bxa1 12. Qxa1 Nc6 13. Qc3 Be6 14. Nf3 a6 15. Ne5 Nxe5 16. Bxe5 O-O 17. h4 g4 18. Bb1 Rc8 19. f3 h5 20. Rc1 c6 21. Qd3 f5 22. Rh1 Qb6 23. fxg4 hxg4 24. h5 Qb2+ 25. Bc2 c5 26. Rb1 Qxa2 27. Rxb7 Rf7 28. Rxf7 Kxf7 29. dxc5 Rxc5 30. Kd1 d4 31. Bxd4 Rxc2 32. Qxc2 Bb3 0-1


[Site "https://www.chess.com"]